 Dungeon Crawl Stone Soup version 0.31-a0-1405-g2bb1a01664 (webtiles) character file.

Game seed: 7176237161374971774

2172 jasper the Cleaver (level 9, -1/67 HPs)
             Began as a Demonspawn Gladiator on Dec 25, 2023.
             Killed by vampiric draining
             ... invoked by a vampire
              (21 damage)
             ... in a bailey.
             The game lasted 00:09:56 (4410 turns).

jasper the Cleaver (Demonspawn Gladiator)           Turns: 4410, Time: 00:09:57

Health: -1/67      AC: 16    Str: 24    XL:     9   Next: 11%
Magic:  0/9        EV:  8    Int:  8    God:
Gold:   235        SH:  0    Dex: 22    Spells: 8/8 levels left

rFire   . . .        a - +0 war axe
rCold   . . .        (no shield)
rNeg    . . .        v - +0 plate armour
rPois   .            c - +0 helmet
rElec   .            (no cloak)
rCorr   .            (no gloves)
SInv    .            q - +0 pair of boots
Will    .....        u - amulet of guardian spirit Stlth
                     p - +6 ring of dexterity
HPRegen 0.31/turn    y - +6 ring of strength
MPRegen 0.11/turn

%: guardian spirit
@: no status effects
A: icy blue scales 2, foul stench 3, demonic touch 2
a: no special abilities


You were in a bailey.
You visited 1 branch of the dungeon, and saw 7 of its levels.
You also visited: Bailey.

You collected 235 gold pieces.

Inventory:

Hand Weapons
 a - a +0 war axe (weapon)
 B - the +7 long sword of Disembowelment {drain, rElec rF- Will+ Stlth+}
   (You took it off an orc on level 7 of the Dungeon)

   rF-:       It makes you vulnerable to fire.
   rElec:     It insulates you from electricity.
   Will+:     It increases your willpower.
   Stlth+:    It makes you more stealthy.
 C - a +0 spear
Missiles
 e - 4 javelins
 h - 14 poisoned darts
 i - 68 stones (quivered)
 r - 6 boomerangs
 t - 4 curare-tipped darts
Armour
 b - a +0 leather armour
 c - a +0 helmet (worn)
 k - a +0 ring mail
 o - a +0 buckler
 q - a +0 pair of boots (worn)
 v - a +0 plate armour (worn)
 w - a +0 chain mail
Jewellery
 p - a +6 ring of dexterity (left hand)
 u - an amulet of guardian spirit (around neck)
 y - a +6 ring of strength (right hand)
 A - a ring of protection from fire
Wands
 f - a wand of mindburst (9)
Scrolls
 m - 2 scrolls of fog
 x - a scroll of amnesia {unknown}
 z - a scroll of immolation
Potions
 g - 2 potions of curing
 j - 2 potions of haste
 l - a potion of heal wounds
 n - 3 potions of enlightenment
 s - 2 potions of attraction {unknown}


   Skills:
 + Level 4.9 Fighting
 * Level 9.6(9.7) Axes
 - Level 2.0(6.3) Polearms
 - Level 1.7 Throwing
 + Level 3.6 Armour
 - Level 2.6 Dodging


You had 8 spell levels left.
You didn't know any spells.
Your spell library contained the following spells:

 Spells                   Type           Power      Damage    Failure   Level
 Sublimation of Blood     Necr           0%         N/A       100%        2
 Petrify                  Alch/Erth      0%         N/A       100%        4
 Irradiate                Conj/Alch      0%         3d11      100%        5


Dungeon Overview and Level Annotations

Branches:
Dungeon (7/15)             Bailey (1/1)
 Temple: D:4-7

Altars:
Hepliaklqana
Kikubaaqudgha
Sif Muna
Vehumet
Xom

Annotations:
D:3 Sigmund
D:5 Edmund
D:6 Maggie


Innate Abilities, Weirdness & Mutations

You are mostly covered in icy blue scales. (AC +3)
You frequently emit foul miasma when damaged in melee.
Your touch may inflict irresistible damage on your foes.


Message History

The vampire is severely damaged.
The vampire hits you with a +1 vampiric halberd!
The vampire draws strength from your wounds!
The vampire bites you but does no damage.
You take 6 damage, and have 34/67 hp.
You now have 5/9 mp.
You hit the vampire but do no damage.
The vampire is severely damaged.
The vampire hits you with a +1 vampiric halberd.
The vampire bites you.
The vampire draws strength from your injuries!
You take 5 damage, and have 29/67 hp.
You now have 4/9 mp.
You feel better.
The vampire hits you with a +1 vampiric halberd!
The vampire bites you but does no damage.
You take 5 damage, and have 24/67 hp.
You now have 2/9 mp.
You slash the vampire!
You touch the vampire.
The vampire is almost destroyed.
The vampire closely misses you. The vampire bites you.
* * * LOW HITPOINT WARNING * * *
The vampire draws strength from your injuries!
You take 5 damage, and have 19/67 hp.
You now have 1/9 mp.
You feel much better. The vampire barely misses you.
The vampire bites you but does no damage.
You regained 35 hp, and now have 54/67 hp.
You hit the vampire but do no damage.
You punch the vampire, but do no damage.
The vampire is almost destroyed.
The vampire draws life force from you!
The vampire is healed by the life force!
You take 16 damage, and have 38/67 hp.
MASSIVE DAMAGE!!
You barely miss the vampire.
You touch the vampire!
The vampire is severely damaged.
The vampire draws life force from you!!
* * * LOW HITPOINT WARNING * * *
The vampire is healed by the life force!
You take 19 damage, and have 19/67 hp.
MASSIVE DAMAGE!!
You now have 1/9 mp.
You hit the vampire but do no damage. Your touch misses the vampire.
The vampire is heavily damaged.
The vampire draws life force from you!!
You die...

#......#.........#
#8...)##...##''###
#######...##....##
#8.......##......#
#8.......#...##...#
##########..## #..#
#..## ..#
#8..##..8#
##[!@V)|## ##8![.##
######


You could see a vampire.

Vanquished Creatures
  Pikel (D:6)
  A gargoyle (Bailey)
  A wraith (D:7)
  An ice beast (D:5)
  A kobold brigand (D:6)
  2 bullfrogs
  2 scorpions
  3 bombardier beetles
  3 jellies (D:5)
  3 hounds (D:5)
  A gnoll bouda (D:7)
  2 iguanas (D:5)
  2 sleepcaps
  5 orc wizards
  5 gnolls
  7 adders
  A shadow imp (D:7)
  A white imp (D:5)
  2 ufetubi (D:5)
  2 dart slugs
  21 orcs
  7 ball pythons
  10 endoplasms
  6 giant cockroaches
  10 goblins
  6 hobgoblins
  5 jackals
  2 quokkas
  6 bats
  A frilled lizard (D:3)
  15 kobolds
  14 orc zombies (Bailey)
  5 rats
154 creatures vanquished.

Notes
Turn   | Place    | Note
-------+----------+-------------------------------------------
     0 | D:1      | jasper the Demonspawn Gladiator began the quest for the
                  | Orb.
     0 | D:1      | Reached XP level 1. HP: 16/16 MP: 1/1
     3 | D:1      | Noticed an electric eel
     4 | D:1      | Noticed an electric eel
   276 | D:1      | Gained mutation: You may rarely emit foul miasma when
                  | damaged in melee. [demonic ancestry]
   276 | D:1      | Reached XP level 2. HP: 22/22 MP: 2/2
   395 | D:1      | Reached skill level 3 in Axes
   397 | D:1      | Reached skill level 1 in Polearms
   597 | D:1      | Found a faded altar of an unknown god.
   683 | D:1      | Gained mutation: Your touch may inflict minor irresistible
                  | damage on your foes. [demonic ancestry]
   683 | D:1      | Reached XP level 3. HP: 25/28 MP: 3/3
  1049 | D:2      | Gained mutation: You sometimes emit foul miasma when
                  | damaged in melee. [demonic ancestry]
  1049 | D:2      | Reached XP level 4. HP: 34/34 MP: 4/4
  1793 | D:3      | Noticed Sigmund
  1892 | D:4      | Reached skill level 4 in Axes
  1974 | D:4      | Gained mutation: You are partially covered in icy blue
                  | scales. (AC +2) [demonic ancestry]
  1974 | D:4      | Reached XP level 5. HP: 27/39 MP: 2/5
  2283 | D:4      | Reached skill level 5 in Axes
  2461 | D:4      | Gained mutation: You are mostly covered in icy blue scales.
                  | (AC +3) [demonic ancestry]
  2461 | D:4      | Reached XP level 6. HP: 46/46 MP: 6/6
  3006 | D:5      | Entered Level 5 of the Dungeon
  3084 | D:5      | Reached skill level 6 in Axes
  3376 | D:5      | Gained mutation: Your touch may inflict irresistible damage
                  | on your foes. [demonic ancestry]
  3376 | D:5      | Reached XP level 7. HP: 48/51 MP: 7/7
  3387 | D:5      | Found an ancient bone altar of Kikubaaqudgha.
  3400 | D:5      | Found a radiant altar of Vehumet.
  3415 | D:5      | Reached skill level 7 in Axes
  3427 | D:5      | Found a shimmering blue altar of Sif Muna.
  3559 | D:5      | Noticed Edmund
  3678 | D:6      | Reached skill level 8 in Axes
  3695 | D:6      | Reached skill level 1 in Armour
  3703 | D:6      | Reached XP level 8. HP: 43/58 MP: 6/8
  3758 | D:6      | Noticed Pikel
  3777 | D:6      | Killed Pikel
  3841 | D:6      | Upgraded the game from 0.31-a0-1388-g4b2ba238e7 to
                  | 0.31-a0-1405-g2bb1a01664
  3985 | D:6      | Noticed Maggie
  4059 | D:7      | Reached skill level 9 in Axes
  4059 | D:7      | Found a shimmering altar of Xom.
  4087 | D:7      | Identified the +7 long sword of Disembowelment {drain,
                  | rElec rF- Will+ Stlth+}
  4088 | D:7      | Found a hazy altar of Hepliaklqana.
  4088 | D:7      | Noticed a hell beast
  4089 | D:7      | Noticed a spectral ugly thing
  4089 | D:7      | Noticed a hell beast
  4089 | D:7      | Noticed a hell beast
  4113 | D:7      | Found a flagged portal.
  4126 | Bailey   | Entered a bailey
  4295 | Bailey   | Noticed a gargoyle
  4309 | Bailey   | Killed a gargoyle
  4310 | Bailey   | Gained mutation: You frequently emit foul miasma when
                  | damaged in melee. [demonic ancestry]
  4310 | Bailey   | Reached XP level 9. HP: 45/67 MP: 6/9
  4395 | Bailey   | Found the +2 hat of the Bear Spirit {Spirit, Bear, *Rage
                  | Will++}
  4410 | Bailey   | Killed from afar by a vampire

Illustrated notes

Levels and vault maps discovered:
D:1:      arrival_aquarium_b, layout_basic, basic_ecumenical_altar
D:2:      layout_basic
D:3:      layout_rooms, uniq_sigmund
D:4:      minmay_chambers_of_fours, layout_loops_ring,
          wad_floor_pattern_untrapped
D:5:      layout_loops_ring, palyth_temple_overflow_mages,
          kennysheep_generic_room_2, uniq_edmund
D:6:      layout_basic, lemuel_round_altar, uniq_pikel, uniq_maggie
D:7:      layout_rooms, regret_index_temple_of_mockery,
          minmay_temple_entry_nine_rooms, enter_bailey_4, roderic_lattice_a
Bailey:   bailey_polearm_vampire_castle_hellmonk, bailey

Skill      XL: |  1  2  3  4  5  6  7  8 |
---------------+-------------------------+-----
Axes           | 3 4 5 6 8 9 |  9.6
Polearms       | 1 2 |  2.0
Fighting       | 3 4 |  4.9
Armour         | 1 3 |  3.6
Throwing       | |  1.7
Dodging        | |  2.6

Action                     |  1- 3 |  4- 6 |  7- 9 || total
---------------------------+-------+-------+-------++-------
  Melee: War axe           |   121 |   120 |   164 ||   405
         Punch             |     1 |       |     4 ||     5
         Touch             |     4 |    19 |    32 ||    55
  Throw: Stone             |       |     5 |       ||     5
         Dart              |       |       |     2 ||     2
         Throwing net      |       |       |     5 ||     5
  Evoke: Wand              |       |       |     2 ||     2
    Use: Scroll            |       |     7 |     2 ||     9
         Potion            |       |       |     3 ||     3
   Stab: Sleeping          |       |     1 |       ||     1
         Held in net/web   |       |       |     2 ||     2
 Armour: Leather armour    |    10 |       |       ||    10
         Ring mail         |    86 |    28 |       ||   114
         Chain mail        |       |    22 |       ||    22
         Plate armour      |       |    42 |   148 ||   190
  Dodge: Dodged            |    72 |    56 |    49 ||   177

Table legend: (Time is in decaauts)
 A = Elapsed time spent in this place.
 B = Non-inter-level travel time spent in this place.
 C = Inter-level travel time spent in this place.
 D = Time resting spent in this place.
 E = Time spent auto-exploring this place.
 F = Levels seen in this place.
 G = Mean time per level.
                   A        B        C        D        E       F      G
               +--------+--------+--------+--------+--------+-----+--------+
         Total |   4496 |   4369 |    127 |    378 |   2633 |   8 |  562.0 |
       Dungeon |   4211 |   4084 |    127 |    310 |   2529 |   7 |  601.6 |
        Bailey |    284 |    284 |      0 |     68 |    104 |   1 |  284.0 |
               +--------+--------+--------+--------+--------+-----+--------+

Top non-repeatable levels by time:
     D:4: 1189 daAuts
     D:2: 817 daAuts
     D:1: 777 daAuts
     D:5: 615 daAuts
     D:6: 394 daAuts
     D:3: 291 daAuts
  Bailey: 284 daAuts
     D:7: 125 daAuts
